General information
- name: BNet
- type: Ladder team game (AT/RT)
- host: Battle.net
- saver: chaosreigns69
map: Mur'gulOasis_LV
- players: 8
- length: 31:53
- speed: Fast
- version: 1.29 W3XP
- replay type: Public
» download(285 KB)
Players
team 1 (loser)

»
Aloki (
orange | 85 APM | 2566 actions | 30:04)
9 Goblin Alchemist
3 Chemical Rage
3 Acid Bomb
1 Transmute
2 Healing Spray
» actions
| Assign group hotkey | 24 | |
| Basic commands | 97 | |
| Build / train | 54 | |
| Enter build submenu | 19 | |
| Enter hero's abilities submenu | 12 | |
| Give item / drop item | 4 | |
| Right click | 1489 | |
| Select / deselect | 646 | |
| Select group hotkey | 96 | |
| Use ability | 125 | |
2566 total
» units
| Wisp | 9 | |
| Mountain Giant | 9 | |
| Hippogryph | 4 | |
22 total
» upgrades
| Reinforced Hides | 3 | |
| Resistant Skin | 1 | |
| Hardened Skin | 1 | |
| Well Spring | 1 | |
| Strength of the Wild | 3 | |
| Ultravision | 1 | |
10 total
» buildings
| Moon Well | 9 | |
| Altar of Elders | 1 | |
| Tree of Ages | 1 | |
| Hunter's Hall | 1 | |
| Ancient of Wonders | 1 | |
| Ancient of Lore | 2 | |
| Tree of Eternity | 1 | |
| Ancient of Wind | 2 | |
18 total
» build order
00:16 Moon Well
00:30 Altar of Elders
02:10 Tree of Ages
02:30 Moon Well
02:42 Hunter's Hall
04:27 Ancient of Wonders
04:32 Ancient of Lore
04:34 Ancient of Lore
04:36 Tree of Eternity
05:27 Moon Well
06:29 Moon Well
07:26 Moon Well
15:10 Moon Well
15:11 Moon Well
20:13 Moon Well
20:14 Moon Well
23:18 Ancient of Wind
23:19 Ancient of Wind
» items
| Boots of Speed | 1 | |
| Staff of Teleportation | 1 | |
| Staff of Preservation | 1 | |
| Lesser Clarity Potion | 2 | |
| Moonstone | 1 | |
| Orb of Venom | 1 | |
| Scroll of Town Portal | 1 | |
| Anti-magic Potion | 1 | |
9 total
chaosreigns69 (
purple | 72 APM | 2294 actions | 31:53)
7 Archmage
3 Summon Water Elemental
3 Brilliance Aura
1 Mass Teleport
» actions
| Assign group hotkey | 45 | |
| Basic commands | 181 | |
| Build / train | 74 | |
| Enter build submenu | 48 | |
| Enter hero's abilities submenu | 7 | |
| Give item / drop item | 20 | |
| Right click | 790 | |
| Select / deselect | 356 | |
| Select group hotkey | 651 | |
| Use ability | 122 | |
2294 total
» units
| Peasant | 16 | |
| Footman | 4 | |
| Gryphon Rider | 9 | |
29 total
» upgrades
| Lumber Harvesting | 2 | |
| Masonry | 3 | |
| Swords | 3 | |
| Armor | 3 | |
| Animal War Training | 1 | |
| Storm Hammers | 1 | |
| Cloud | 1 | |
14 total
» buildings
| Altar of Kings | 1 | |
| Barracks | 1 | |
| Farm | 10 | |
| Scout Tower | 27 | |
| Arcane Tower | 1 | |
| Arcane Vault | 2 | |
| Keep | 1 | |
| Lumber Mill | 1 | |
| Guard Tower | 7 | |
| Castle | 1 | |
| Gryphon Aviary | 7 | |
| Blacksmith | 2 | |
| Town Hall | 1 | |
62 total
» build order
00:47 Altar of Kings
00:49 Barracks
00:51 Farm
00:58 Farm
01:04 Farm
02:08 Scout Tower
02:35 Arcane Tower
03:09 Arcane Vault
03:43 Keep
03:44 Lumber Mill
04:25 Farm
05:06 Scout Tower
05:07 Scout Tower
05:08 Scout Tower
06:18 Guard Tower
07:18 Castle
08:10 Gryphon Aviary
08:10 Gryphon Aviary
08:12 Gryphon Aviary
08:13 Gryphon Aviary
08:31 Blacksmith
08:33 Blacksmith
09:04 Farm
09:04 Farm
09:08 Farm
15:20 Town Hall
15:23 Scout Tower
15:23 Scout Tower
15:23 Scout Tower
15:24 Scout Tower
15:25 Scout Tower
15:25 Scout Tower
15:26 Scout Tower
15:26 Scout Tower
15:29 Arcane Vault
16:00 Guard Tower
16:01 Guard Tower
16:42 Guard Tower
17:04 Scout Tower
17:04 Scout Tower
17:05 Scout Tower
17:05 Scout Tower
17:06 Scout Tower
17:08 Scout Tower
17:09 Scout Tower
17:10 Scout Tower
17:11 Scout Tower
17:12 Scout Tower
18:13 Guard Tower
18:57 Guard Tower
18:59 Scout Tower
19:00 Scout Tower
19:00 Scout Tower
19:01 Scout Tower
19:02 Scout Tower
19:45 Guard Tower
19:48 Farm
19:49 Farm
19:52 Farm
20:40 Gryphon Aviary
20:45 Gryphon Aviary
20:48 Gryphon Aviary
» items
| Scroll of Regeneration | 3 | |
| Mechanical Critter | 2 | |
| Staff of Sanctuary | 1 | |
| Potion of Invisibility | 3 | |
| Staff of Teleportation | 1 | |
| Potion of Healing | 2 | |
| Scroll of Town Portal | 1 | |
13 total

»
xn00bvillex (
teal | 80 APM | 2449 actions | 30:36)
7 Blademaster
3 Wind Walk
3 Mirror Image
1 Bladestorm
1 Shadow Hunter
1 Hex
» actions
| Assign group hotkey | 41 | |
| Basic commands | 3 | |
| Build / train | 68 | |
| Enter build submenu | 30 | |
| Enter hero's abilities submenu | 9 | |
| Remove unit from queue | 2 | |
| Right click | 1293 | |
| Select / deselect | 319 | |
| Select group hotkey | 596 | |
| Use ability | 86 | |
2449 total
» units
| Peon | 10 | |
| Grunt | 9 | |
| Shaman | 7 | |
| Troll Witch Doctor | 7 | |
| Wind Rider | 10 | |
43 total
» upgrades
| Armor | 3 | |
| Melee Weapons | 1 | |
| Shaman Training | 2 | |
| Witch Doctor Training | 2 | |
| Ranged Weapons | 2 | |
| Envenomed Spears | 1 | |
11 total
» buildings
| Orc Burrow | 15 | |
| Altar of Storms | 1 | |
| Barracks | 1 | |
| Stronghold | 1 | |
| War Mill | 1 | |
| Fortress | 1 | |
| Spirit Lodge | 2 | |
| Watch Tower | 5 | |
| Beastiary | 2 | |
| Voodoo Lounge | 1 | |
30 total
» build order
00:07 Orc Burrow
00:11 Altar of Storms
01:30 Barracks
01:49 Orc Burrow
03:00 Stronghold
03:54 War Mill
05:22 Fortress
05:26 Spirit Lodge
05:37 Spirit Lodge
06:07 Orc Burrow
06:09 Orc Burrow
07:50 Orc Burrow
07:55 Orc Burrow
07:58 Orc Burrow
08:05 Watch Tower
09:33 Watch Tower
11:29 Watch Tower
14:35 Beastiary
14:37 Beastiary
15:29 Orc Burrow
16:32 Watch Tower
18:25 Orc Burrow
19:07 Orc Burrow
19:09 Orc Burrow
19:12 Orc Burrow
19:15 Orc Burrow
25:17 Orc Burrow
25:22 Orc Burrow
25:27 Watch Tower
28:13 Voodoo Lounge

»
EnragedMagikarp (
green | 22 APM | 659 actions | 30:30)
4 Death Knight
2 Death Coil
2 Unholy Aura
» actions
| Assign group hotkey | 20 | |
| Basic commands | 45 | |
| Build / train | 41 | |
| Enter build submenu | 20 | |
| Enter hero's abilities submenu | 5 | |
| Remove unit from queue | 1 | |
| Right click | 255 | |
| Select / deselect | 180 | |
| Select group hotkey | 50 | |
| Use ability | 42 | |
659 total
» units
| Acolyte | 3 | |
| Ghoul | 3 | |
| Crypt Fiend | 13 | |
| Obsidian Statue | 1 | |
| Meatwagon | 2 | |
22 total
» upgrades
| Creature Attack | 3 | |
| Creature Carapace | 2 | |
| Web | 1 | |
| Disease Cloud | 1 | |
7 total
» buildings
| Ziggurat | 9 | |
| Altar of Darkness | 2 | |
| Crypt | 2 | |
| Tomb of Relics | 1 | |
| Graveyard | 1 | |
| Halls of the Dead | 1 | |
| Slaughterhouse | 1 | |
| Black Citadel | 1 | |
| Spirit Tower | 2 | |
20 total
» build order
00:13 Ziggurat
00:16 Altar of Darkness
00:21 Altar of Darkness
00:55 Crypt
01:06 Tomb of Relics
01:21 Ziggurat
01:51 Graveyard
02:29 Ziggurat
03:11 Crypt
05:08 Ziggurat
05:46 Halls of the Dead
05:55 Ziggurat
14:50 Slaughterhouse
15:55 Black Citadel
16:26 Ziggurat
16:32 Ziggurat
18:04 Spirit Tower
18:45 Spirit Tower
19:14 Ziggurat
20:03 Ziggurat
» items
| Scroll of Town Portal | 1 | |
| Potion of Mana | 1 | |
2 total
team 2 (winner)
Para (
red | 26 APM | 738 actions | 28:02)
2 Warden
1 Shadow Strike
1 Blink
1 Death Knight
1 Death Coil
» actions
| Assign group hotkey | 41 | |
| Build / train | 60 | |
| Enter build submenu | 10 | |
| Enter hero's abilities submenu | 4 | |
| Remove unit from queue | 5 | |
| Right click | 385 | |
| Select / deselect | 206 | |
| Select group hotkey | 4 | |
| Use ability | 23 | |
738 total
» units
» upgrades
| Creature Carapace | 2 | |
| Freezing Breath | 1 | |
3 total
» buildings
| Altar of Elders | 1 | |
| Moon Well | 9 | |
| Ancient of War | 1 | |
| Tree of Ages | 2 | |
| Ziggurat | 2 | |
15 total
» build order
01:17 Altar of Elders
01:22 Moon Well
02:46 Moon Well
03:29 Ancient of War
05:34 Tree of Ages
05:34 Tree of Ages
05:55 Ziggurat
06:16 Moon Well
06:21 Moon Well
09:53 Moon Well
09:55 Moon Well
09:56 Moon Well
09:58 Moon Well
09:59 Moon Well
12:29 Ziggurat
probIemreaction (
yellow | 91 APM | 2893 actions | 31:53)
5 Mountain King
3 Storm Bolt
2 Bash
4 Paladin
2 Holy Light
1 Devotion Aura
1 Divine Shield
3 Pandaren Brewmaster
2 Breath of Fire
1 Drunken Haze
» actions
| Assign group hotkey | 83 | |
| Basic commands | 42 | |
| Build / train | 118 | |
| ESC pressed | 15 | |
| Enter build submenu | 29 | |
| Enter hero's abilities submenu | 12 | |
| Give item / drop item | 14 | |
| Right click | 1199 | |
| Select / deselect | 517 | |
| Select group hotkey | 706 | |
| Use ability | 158 | |
2893 total
» units
| Peasant | 19 | |
| Footman | 5 | |
| Rifleman | 11 | |
| Spell Breaker | 2 | |
| Priest | 3 | |
| Sorceress | 3 | |
43 total
» upgrades
| Gunpowder | 3 | |
| Long Rifles | 2 | |
| Masonry | 3 | |
| Armor | 2 | |
| Plating | 2 | |
| Priest Training | 2 | |
| Sorceress Training | 1 | |
| Swords | 1 | |
16 total
» buildings
| Altar of Kings | 1 | |
| Barracks | 1 | |
| Farm | 13 | |
| Lumber Mill | 2 | |
| Scout Tower | 5 | |
| Arcane Tower | 5 | |
| Blacksmith | 1 | |
| Guard Tower | 3 | |
| Arcane Vault | 1 | |
| Keep | 2 | |
| Castle | 2 | |
| Arcane Sanctum | 2 | |
| Town Hall | 1 | |
39 total
» build order
00:42 Altar of Kings
00:44 Barracks
01:01 Farm
01:10 Farm
01:53 Farm
02:02 Lumber Mill
02:24 Scout Tower
02:50 Arcane Tower
02:51 Arcane Tower
03:06 Farm
03:11 Scout Tower
03:30 Blacksmith
03:42 Guard Tower
03:42 Guard Tower
03:42 Guard Tower
04:01 Arcane Vault
04:12 Keep
04:12 Keep
04:46 Farm
06:51 Farm
07:58 Castle
07:58 Castle
11:46 Farm
11:47 Farm
14:54 Arcane Sanctum
14:55 Arcane Sanctum
17:02 Farm
17:03 Farm
17:04 Farm
19:54 Farm
19:55 Farm
24:19 Scout Tower
24:22 Scout Tower
24:49 Arcane Tower
24:55 Lumber Mill
30:25 Town Hall
30:27 Scout Tower
31:45 Arcane Tower
31:46 Arcane Tower
» items
| Mechanical Critter | 1 | |
| Scroll of Regeneration | 4 | |
| Boots of Speed | 2 | |
| Periapt of Vitality | 3 | |
| Lesser Clarity Potion | 2 | |
| Orb of Fire | 2 | |
| Staff of Sanctuary | 1 | |
| Potion of Healing | 2 | |
| Potion of Lesser Invulnerability | 1 | |
| Scroll of Protection | 1 | |
19 total
princeofegypt (
blue | 42 APM | 959 actions | 22:41)
1 Blademaster
1 Wind Walk
4 Death Knight
2 Death Coil
2 Unholy Aura
» actions
| Basic commands | 22 | |
| Build / train | 60 | |
| Enter build submenu | 28 | |
| Enter hero's abilities submenu | 5 | |
| Give item / drop item | 1 | |
| Right click | 480 | |
| Select / deselect | 323 | |
| Use ability | 40 | |
959 total
» units
| Peon | 9 | |
| Acolyte | 9 | |
| Ghoul | 3 | |
| Crypt Fiend | 9 | |
| Frost Wyrm | 4 | |
34 total
» upgrades
| Creature Attack | 3 | |
| Creature Carapace | 1 | |
4 total
» buildings
| Altar of Storms | 1 | |
| Orc Burrow | 3 | |
| Altar of Darkness | 1 | |
| Crypt | 2 | |
| Ziggurat | 8 | |
| Graveyard | 1 | |
| Voodoo Lounge | 1 | |
| Nerubian Tower | 4 | |
| Halls of the Dead | 2 | |
| Spirit Tower | 2 | |
| War Mill | 1 | |
| Black Citadel | 2 | |
| Sacrificial Pit | 1 | |
| Boneyard | 3 | |
32 total
» build order
00:23 Altar of Storms
00:33 Orc Burrow
01:12 Altar of Darkness
01:17 Crypt
01:21 Ziggurat
01:29 Graveyard
01:37 Voodoo Lounge
01:53 Crypt
02:12 Orc Burrow
02:41 Nerubian Tower
03:55 Orc Burrow
04:02 Ziggurat
04:19 Ziggurat
04:25 Halls of the Dead
04:25 Halls of the Dead
05:01 Spirit Tower
05:18 Nerubian Tower
06:04 War Mill
07:06 Black Citadel
07:06 Black Citadel
10:11 Sacrificial Pit
10:29 Ziggurat
10:32 Ziggurat
10:35 Ziggurat
11:13 Ziggurat
11:16 Boneyard
11:20 Boneyard
11:24 Boneyard
11:26 Nerubian Tower
11:27 Nerubian Tower
11:29 Spirit Tower
13:21 Ziggurat
» items
Chat log
(00:18 / All) xn00bvillex: DD
(00:19 / Allies) Aloki: d
(00:19 / All) xn00bvillex: D
(00:19 / All) xn00bvillex: D
(00:19 / All) xn00bvillex: D
(00:20 / All) xn00bvillex: DD
(00:23 / All) probIemreaction: S
(00:24 / All) probIemreaction: T
(00:25 / All) probIemreaction: F
(00:25 / All) probIemreaction: U
(00:27 / All) princeofegypt: calm noob shit
(00:29 / All) EnragedMagikarp: SMD
(00:30 / All) xn00bvillex: shit
(00:36 / All) probIemreaction: you're gonna drown in mine
(00:40 / All) xn00bvillex: K?
(00:40 / All) EnragedMagikarp: D
(00:41 / All) EnragedMagikarp: HEHEHE
(00:44 / All) chaosreigns69: Not a lot but it sends packets of info
(02:41 / All) chaosreigns69: this game feels like fucking starcraft now
(02:48 / All) probIemreaction: how so
(02:51 / All) EnragedMagikarp: ?
(03:00 / All) chaosreigns69: everything looks tiny
(03:14 / All) EnragedMagikarp: oh the update
(03:26 / All) xn00bvillex: lol
(05:00 / All) EnragedMagikarp: D
(05:01 / All) Aloki: D
(05:01 / All) xn00bvillex: D
(05:01 / All) EnragedMagikarp: D
(05:01 / All) xn00bvillex: D
(05:02 / All) xn00bvillex: D
(05:06 / All) princeofegypt: simple jacks
(05:10 / All) probIemreaction: plz keep lagging red
(05:10 / All) xn00bvillex: D
(05:11 / All) EnragedMagikarp: D
(05:11 / All) probIemreaction: don't need full team vs players on ur levle
(05:11 / All) EnragedMagikarp: D
(05:17 / All) EnragedMagikarp: LOL
(05:24 / All) EnragedMagikarp: ok put your money where your mouth is
(05:28 / All) probIemreaction: watch me
(06:31 / Allies) xn00bvillex: tp
(06:35 / Allies) xn00bvillex: tp someone
(08:10 / Allies) xn00bvillex: opmw
(09:08 / Allies) xn00bvillex: bl and heal wards conin
(09:14 / All) probIemreaction: mountain giants lol
(09:29 / Allies) xn00bvillex: im b
(09:47 / Allies) xn00bvillex: omw
(11:18 / Allies) xn00bvillex: redy
(11:48 / All) chaosreigns69: wow
(11:51 / All) chaosreigns69: blue is godawful
(11:51 / Allies) xn00bvillex: ?
(11:52 / Allies) EnragedMagikarp: lel
(11:58 / All) chaosreigns69: wtf
(12:30 / Allies) xn00bvillex: lets fgo
(12:31 / Allies) xn00bvillex: oj
(12:31 / All) xn00bvillex: D
(12:33 / All) xn00bvillex: D
(12:35 / All) xn00bvillex: D
(12:35 / All) EnragedMagikarp: D
(12:36 / All) xn00bvillex: D
(12:36 / All) EnragedMagikarp: D
(12:44 / All) EnragedMagikarp: D
(12:44 / All) xn00bvillex: D
(12:44 / All) EnragedMagikarp: D
(12:44 / All) xn00bvillex: D
(12:46 / All) princeofegypt: 2 simple jacks
(12:48 / All) probIemreaction: rage
(13:11 / Allies) xn00bvillex: wyrms man
(13:14 / Allies) xn00bvillex: we need to hit
(13:31 / All) Aloki: D
(13:31 / All) Aloki: D
(13:31 / All) Aloki: D
(13:31 / All) Aloki: D
(13:32 / All) Aloki: D
(13:32 / All) Aloki: D
(13:36 / All) probIemreaction: eat shit green
(13:44 / All) probIemreaction: that's me putting my money where my mouth is
(13:45 / All) EnragedMagikarp: youll still lose ;)
(13:50 / All) EnragedMagikarp: LOL you still lose
(13:51 / All) probIemreaction: baby back bitch
(13:56 / All) probIemreaction: and I haven't lost yet
(13:57 / All) probIemreaction: if I did
(14:00 / Allies) xn00bvillex: guys!!!!
(14:00 / All) probIemreaction: it would be from no help of you
(14:05 / All) EnragedMagikarp: LOL
(14:08 / Allies) EnragedMagikarp: you sound angry
(14:12 / All) EnragedMagikarp: you sound angry
(14:15 / Allies) xn00bvillex: wtf
(14:16 / Allies) xn00bvillex: lol
(14:18 / All) probIemreaction: not rly
(14:18 / Allies) xn00bvillex: we lose???
(14:22 / All) probIemreaction: I think you sound angry actually
(15:17 / Allies) xn00bvillex: go
(16:37 / Allies) xn00bvillex: yoyoyoyoyoyoyoyoyoy
(16:48 / Allies) xn00bvillex: guys cmon
(16:51 / Allies) xn00bvillex: like wtf
(17:56 / All) Aloki: OUT NOOBS
(18:06 / All) probIemreaction: You're gonna drown in my shit
(18:07 / All) probIemreaction: and get out
(18:08 / Allies) xn00bvillex: go plz!!
(18:23 / Allies) Aloki: STFU UR BAD
(18:27 / All) Aloki: D
(18:27 / All) Aloki: D
(18:27 / All) Aloki: D
(18:27 / All) Aloki: D
(18:35 / Allies) xn00bvillex: giants?
(18:37 / Allies) xn00bvillex: lol
(18:37 / All) EnragedMagikarp: D
(18:51 / All) xn00bvillex: D
(18:51 / All) EnragedMagikarp: D
(18:51 / All) Aloki: D
(18:51 / All) EnragedMagikarp: D
(18:51 / All) xn00bvillex: D
(18:52 / All) Aloki: D
(18:52 / All) Aloki: D
(18:52 / All) Aloki: D
(18:53 / All) Aloki: D
(18:53 / All) Aloki: DD
(18:55 / All) probIemreaction: Can't wait for enemy team to cry
(19:18 / All) EnragedMagikarp: D
(20:14 / All) xn00bvillex: D
(20:14 / All) Aloki: D
(20:14 / All) xn00bvillex: D
(20:14 / All) EnragedMagikarp: D
(20:15 / All) Aloki: D
(20:15 / All) xn00bvillex: D
(20:15 / All) xn00bvillex: D
(20:15 / All) Aloki: D
(20:18 / All) xn00bvillex: lol
(20:58 / All) xn00bvillex: D
(20:58 / All) xn00bvillex: D
(20:58 / All) xn00bvillex: D
(21:51 / All) Aloki: CAN U LEAVE NOW NOOB
(21:53 / All) EnragedMagikarp: thanks purple
(21:55 / All) princeofegypt: lol
(21:56 / All) princeofegypt: lol
(21:56 / All) probIemreaction: You leave
(22:00 / All) princeofegypt: hes noob cunt
(22:03 / All) princeofegypt: leave him alone
(22:12 / All) princeofegypt: he thinks this is campaign mode
(22:35 / All) probIemreaction: Leave noobs
(22:36 / All) probIemreaction: You lose
(22:57 / All) probIemreaction: leave
(22:57 / All) xn00bvillex: D
(22:57 / All) xn00bvillex: D
(22:58 / All) xn00bvillex: D
(22:58 / All) xn00bvillex: D
(22:58 / All) xn00bvillex: D
(22:59 / All) xn00bvillex: D
(22:59 / All) xn00bvillex: D
(22:59 / All) xn00bvillex: D
(23:00 / All) xn00bvillex: D
(23:00 / All) xn00bvillex: D
(23:00 / All) xn00bvillex: D
(23:01 / All) EnragedMagikarp: D
(23:01 / Allies) xn00bvillex: SD
(23:01 / All) EnragedMagikarp: D
(23:02 / All) xn00bvillex: D
(23:02 / All) xn00bvillex: D
(23:02 / All) xn00bvillex: D
(23:05 / All) xn00bvillex: purp
(23:07 / All) probIemreaction: Eat my shit faggot
(23:16 / All) EnragedMagikarp: you sound upset
(23:24 / All) probIemreaction: you're upset that you tried this hard and still lost
(23:25 / All) EnragedMagikarp: LOL
(23:37 / Allies) EnragedMagikarp: really purp
(24:43 / All) probIemreaction: Blue was trash talking and legit one of the worst players I've ever seen
(24:47 / All) probIemreaction: Green pretty awful too this game
(25:03 / Allies) xn00bvillex: my gosd
(25:44 / Allies) xn00bvillex: why bro?
(25:46 / All) probIemreaction: leave and save urself the butthurt
(25:48 / Allies) EnragedMagikarp: for real?
(25:49 / Allies) Aloki: hes friends
(25:51 / Allies) Aloki: with yellow
(25:55 / Allies) EnragedMagikarp: thats so dumb
(25:56 / Allies) xn00bvillex: jesus
(26:02 / Allies) xn00bvillex: we spent this whole game
(26:04 / Allies) xn00bvillex: for this
(26:10 / Allies) EnragedMagikarp: yeah he probably doesn't live an exciting real life
(26:14 / Allies) chaosreigns69: I'm afraid thems the breaks
(26:17 / Allies) xn00bvillex: man thats so gay
(26:18 / Allies) chaosreigns69: Win some lose some, DUDE!
(26:36 / Allies) chaosreigns69: Are you insulting my profession?
(26:42 / Allies) EnragedMagikarp: do you have friends?
(26:44 / All) probIemreaction: what's wrong
(26:48 / All) probIemreaction: why arne't you talking shit anymore
(26:51 / Allies) xn00bvillex: wtf
(27:39 / All) xn00bvillex: gg faggot purp
(27:40 / All) probIemreaction: out
(27:46 / All) probIemreaction: Eat my shit
(27:48 / All) xn00bvillex: i hope you eat yellows dick tonight
(27:54 / All) xn00bvillex: fucking faggot nigger
(28:02 / All) xn00bvillex: lol
(29:43 / Allies) Aloki: green if u would build destroyers u'd be able to kill his shit
(29:53 / Allies) Aloki: but too late now
(29:53 / Allies) EnragedMagikarp: i cant get a mine up
(29:59 / Allies) EnragedMagikarp: hes killed all my mines
(30:09 / All) xn00bvillex: wow
(30:10 / All) probIemreaction: out
(30:15 / All) probIemreaction: Told you to leave earlier
(30:18 / All) probIemreaction: this is why you listen
(30:30 / All) xn00bvillex: lol you did nothing yellow!!!!!!
(30:33 / All) xn00bvillex: seriously
(30:37 / All) probIemreaction: I did more than you
(30:39 / All) probIemreaction: LOL
(30:44 / All) chaosreigns69: lawl
(30:47 / All) probIemreaction: Blue was one of the biggest dipshits ever this game
(30:48 / All) chaosreigns69: orange tryhard should lose
(30:51 / All) probIemreaction: He was trash talking both me and red
(30:56 / All) probIemreaction: when he was one of the worst players ever
(30:57 / All) chaosreigns69: he's 6-0!
(30:59 / All) probIemreaction: and your team was cocksuckers
(31:01 / All) chaosreigns69: he wanted this win bad1
(31:06 / All) probIemreaction: absoolute trash trash talkin
(31:09 / All) probIemreaction: Like green
(31:15 / All) probIemreaction: I raped his whole army with barely any units lol
(31:22 / All) chaosreigns69: man red was fucking terrible
(31:23 / All) chaosreigns69: And blue
(31:25 / All) probIemreaction: your team lose IMO, mine is 1 leaver, 1 retard noob 1 dipshit
(31:30 / All) probIemreaction: yours 3 legit dipshit retards
(31:31 / All) chaosreigns69: what the fuck did blue do he was still tier 1
(31:33 / All) chaosreigns69: and like level 1 bm
(31:36 / All) chaosreigns69: Yes
(31:36 / All) probIemreaction: blue thought he was good too
(31:39 / All) chaosreigns69: orange is 6-0
(31:41 / All) probIemreaction: and was saying me and red were terrible lol
(31:51 / All) chaosreigns69: dude I could have kileld him in 30 seconds lol